 Dungeon Crawl Stone Soup version 0.20.1-1-g8b1a95d (webtiles) character file.

4495 Peloso the Carver (level 10, -16/88 HPs)
             Began as a Minotaur Fighter on July 7, 2017.
             Was a Priest of Okawaru.
             Demolished by a komodo dragon (25 damage)
             ... on level 1 of the Lair of Beasts.
             The game lasted 00:14:36 (7397 turns).

Peloso the Carver (Minotaur Fighter)                Turns: 7397, Time: 00:14:37

Health: -16/88     AC: 11    Str: 22    XL:     10   Next: 16%
Magic:  9/9        EV:  8    Int:  5    God:    Okawaru [***...]
Gold:   431        SH: 15    Dex: 12    Spells: 9/9 levels left

rFire    . . .     SeeInvis .   a - +0 long sword
rCold    . . .     Gourm    .   c - +0 shield
rNeg     . . .     Faith    .   r - +0 chain mail
rPois    .         Spirit   .   (helmet restricted)
rElec    .         Reflect  +   (no cloak)
rCorr    .         Harm     .   (no gloves)
MR       +....                  (no boots)
Stlth    ..........             D - +3 amulet of reflection
Regen    0.3/turn               h - ring of protection from magic
MPRegen  0.2/turn               (no ring)

@: no status effects
A: retaliatory headbutt, horns 2
a: Heroism, Renounce Religion


You were on level 1 of the Lair of Beasts.
You worshipped Okawaru.
Okawaru was most pleased with you.
You were not hungry.

You visited 3 branches of the dungeon, and saw 10 of its levels.

You collected 431 gold pieces.

Inventory:

Hand Weapons
 a - a +0 long sword (weapon)
Armour
 c - a +0 shield (worn)
 r - a +0 chain mail (worn)
Jewellery
 h - a ring of protection from magic (left hand)
 n - an uncursed ring of magical power
 t - a +3 amulet of reflection
 D - a +3 amulet of reflection (around neck)
Wands
 z - a wand of confusion (19/48)
 B - a wand of polymorph (0/24)
 I - a wand of enslavement (8/24)
 J - a wand of digging (14/24)
 K - a wand of acid (7/15)
Scrolls
 b - a scroll of silence
 e - 2 scrolls of magic mapping
 g - 4 scrolls of remove curse
 k - a scroll of identify
 o - 3 scrolls of enchant armour
 p - 2 scrolls of recharging
 s - 3 scrolls of fog
 v - 2 scrolls of fear {unknown}
 w - a scroll of random uselessness
 x - 3 scrolls of enchant weapon {unknown}
 y - 4 scrolls of amnesia {unknown}
 A - a scroll of torment {unknown}
Potions
 d - a potion of might
 j - 2 potions of curing
 l - 2 potions of agility
 q - a potion of berserk rage
 u - a potion of brilliance
 C - a potion of cancellation {unknown}
 E - a potion of ambrosia
 F - a potion of magic
 H - a potion of heal wounds
Comestibles
 f - 7 bread rations
 i - 7 royal jellies
 m - 4 meat rations
 G - 3 chunks of flesh


   Skills:
 + Level 7.6 Fighting
 + Level 11.0 Long Blades
 + Level 9.2 Armour
 + Level 2.7 Dodging
 + Level 0.5 Stealth
 + Level 9.2 Shields
 + Level 0.2 Invocations
 + Level 0.1 Evocations


You had 9 spell levels left.
You didn't know any spells.

Dungeon Overview and Level Annotations

Branches:
Dungeon (8/15)             Temple (1/1) D:6            Lair (1/6) D:8

Altars:
Cheibriados
Dithmenos
Gozag
Hepliaklqana
Makhleb
Okawaru
Qazlal
Vehumet
Xom
Yredelemnul
Zin

Shops:
D:6 :   D:8 [


Innate Abilities, Weirdness & Mutations

You reflexively headbutt those who attack you in melee.
You have a pair of horns on your head.


Message History

You feel sick.
You see here a water moccasin corpse.
You feel sick.
You feel sick.
You are no longer poisoned.
A komodo dragon comes into view.
The komodo dragon hisses angrily.
A komodo dragon is nearby!
A komodo dragon is nearby!
A komodo dragon is nearby!
The komodo dragon bites you!
* * * LOW HITPOINT WARNING * * *
You hit the komodo dragon.
The komodo dragon is lightly wounded.
The komodo dragon bites you!
* * * LOW HITPOINT WARNING * * *
You slash the komodo dragon!
The komodo dragon is heavily wounded.
The komodo dragon bites you!!
You die...

.. ###. .###.#.
.......
.......##
#......#
##....l.### ###
.......@..###.#
.....#####...##
...... ##.## .
...# #..# ...#
#.## #..# #.#
.. #..##.# ..#
#....#
...##.#.###


You could see a komodo dragon.

Vanquished Creatures
  Pikel (D:7)
  Grinder (D:4)
  Prince Ribbit (D:7)
  A hippogriff (D:8)
  Sigmund (D:3)
  3 hogs (D:7)
  A human (D:7)
  4 yaks
  A porcupine (Lair:1)
  3 water moccasins
  A slave (D:7)
  2 ice beasts
  A phantom (D:8)
  5 ogres
  A centaur (D:6)
  A crocodile (Lair:1)
  3 bullfrogs
  3 crimson imps (D:6)
  A bullfrog zombie (D:7)
  3 orc priests
  5 hounds
  3 orc wizards
  Terence (D:2)
  An iguana (D:7)
  5 worker ants
  A hound zombie (D:5)
  Robin (D:3)
  4 adders
  2 gnolls (D:7)
  A shadow imp (D:6)
  An ooze (D:1)
  2 adder skeletons
  6 worms
  4 dart slugs
  7 leopard geckos
  9 orcs
  2 ball pythons
  11 bats
  2 giant cockroaches
  10 goblins
  7 hobgoblins
  5 jackals
  7 kobolds
  A jackal skeleton (D:5)
  A leopard gecko zombie (D:7)
  A quokka skeleton (D:5)
  A rat (D:2)
139 creatures vanquished.

Vanquished Creatures (others)
  A slave (D:7)
  A centaur (D:7)
  A bullfrog (D:7)
  A gnoll shaman (D:7)
  3 gnolls (D:7)
  A plant (Lair:1)
8 creatures vanquished.

Grand Total: 147 creatures vanquished

Notes
Turn   | Place    | Note
-------+----------+-------------------------------------------
     0 | D:1      | Peloso the Minotaur Fighter began the quest for the Orb.
     0 | D:1      | Reached XP level 1. HP: 19/19 MP: 0/0
   230 | D:1      | Reached XP level 2. HP: 27/27 MP: 1/1
   768 | D:1      | Reached XP level 3. HP: 33/33 MP: 2/2
   885 | D:2      | Noticed Terence
   895 | D:2      | Killed Terence
   895 | D:2      | Reached skill level 3 in Long Blades
   895 | D:2      | Reached XP level 4. HP: 25/40 MP: 3/3
   972 | D:2      | Found a glowing silver altar of Zin.
  1313 | D:2      | You fall through a shaft for 2 floors!
  1328 | D:4      | Reached XP level 5. HP: 41/47 MP: 4/4
  1449 | D:3      | Found an opulent altar of Gozag.
  1486 | D:3      | Found a hazy altar of Hepliaklqana.
  1542 | D:3      | Noticed Sigmund
  1552 | D:3      | Killed Sigmund
  1552 | D:3      | Reached skill level 5 in Fighting
  1552 | D:3      | Reached skill level 4 in Long Blades
  1552 | D:3      | Reached skill level 1 in Dodging
  1552 | D:3      | Reached skill level 5 in Shields
  1552 | D:3      | Reached XP level 6. HP: 51/56 MP: 5/5
  1839 | D:3      | Noticed Robin
  1849 | D:3      | Killed Robin
  1849 | D:3      | Reached skill level 5 in Armour
  1849 | D:3      | Reached skill level 5 in Long Blades
  2724 | D:4      | Noticed Grinder
  2743 | D:4      | Killed Grinder
  2743 | D:4      | Reached XP level 7. HP: 51/61 MP: 6/6
  2773 | D:4      | Reached skill level 6 in Long Blades
  3456 | D:4      | Found a shadowy altar of Dithmenos.
  3759 | D:5      | Entered Level 5 of the Dungeon
  4667 | D:6      | Reached skill level 7 in Long Blades
  4667 | D:6      | Reached XP level 8. HP: 44/69 MP: 7/7
  4838 | D:6      | Found a staircase to the Ecumenical Temple.
  4846 | Temple   | Entered the Ecumenical Temple
  4858 | Temple   | Became a worshipper of Warmaster Okawaru
  5062 | D:6      | Found Ujebbie's Book Shop.
  5386 | D:6      | Reached skill level 8 in Long Blades
  5592 | D:7      | Noticed Pikel
  5616 | D:7      | Killed Pikel
  5616 | D:7      | Reached * piety under Okawaru
  5616 | D:7      | Reached skill level 9 in Long Blades
  5789 | D:6      | Reached XP level 9. HP: 37/78 MP: 8/8
  6067 | D:7      | Noticed Prince Ribbit
  6167 | D:7      | Found a basalt altar of Yredelemnul.
  6262 | D:7      | Reached ** piety under Okawaru
  6287 | D:7      | Reached skill level 10 in Long Blades
  6446 | D:7      | Killed Prince Ribbit
  6622 | D:8      | Found a staircase to the Lair.
  6763 | D:8      | Found Sodepog's Armour Shop.
  6835 | D:8      | Found a stormy altar of Qazlal.
  7125 | D:8      | Reached *** piety under Okawaru
  7266 | Lair:1   | Entered Level 1 of the Lair of Beasts
  7354 | Lair:1   | Reached XP level 10. HP: 72/86 MP: 9/9
  7377 | Lair:1   | Reached skill level 11 in Long Blades
  7397 | Lair:1   | Demolished by a komodo dragon

Skill      XL: |  1  2  3  4  5  6  7  8  9 10 |
---------------+-------------------------------+-----
Armour         | 4 5 6 7 9 |  9.2
Fighting       | 4 5 6 7 |  7.6
Long Blades    | 3 4 5 7 9 10 11 | 11.0
Shields        | 4 5 7 8 9 |  9.2
Dodging        | 1 2 |  2.7
Stealth        | |  0.5
Invocations    | |  0.2
Evocations     | |  0.1

Action                   |  1- 3 |  4- 6 |  7- 9 | 10-12 || total
-------------------------+-------+-------+-------+-------++-------
Melee: Long sword        |    51 |   114 |   348 |    25 ||   538
       Headbutt          |    10 |    29 |    78 |     7 ||   124
Invok: Heroism           |       |       |     1 |       ||     1
Evoke: Wand              |       |       |     2 |       ||     2
  Use: Scroll            |       |       |    17 |       ||    17
  Eat: Chunk             |       |     6 |    15 |       ||    21
Armor: Scale mail        |    32 |     2 |       |       ||    34
       Chain mail        |       |    64 |   126 |     2 ||   192
Dodge: Dodged            |    17 |    28 |    62 |     2 ||   109
Block: Shield            |    28 |    72 |   226 |    11 ||   337
       Reflection        |       |       |     4 |       ||     4
       Rpst.: Long sword |     3 |     7 |    13 |       ||    23
